 Dungeon Crawl Stone Soup version 0.22-a0-558-gc224181 (webtiles) character file.

52 pk666 the Magician (level 3, -6/19 HPs)
             Began as a Deep Elf Wizard on June 27, 2018.
             Mangled by a worm (10 damage)
             ... on level 2 of the Dungeon.
             The game lasted 00:03:55 (1473 turns).

pk666 the Magician (Deep Elf Wizard)                Turns: 1473, Time: 00:03:56

Health: -6/19      AC:  2    Str:  4    XL:     3   Next: 60%
Magic:  7/12       EV: 13    Int: 23    God:
Gold:   72         SH:  0    Dex: 13    Spells: 4/13 levels left

rFire    . . .     SeeInvis .   (no weapon)
rCold    . . .     Gourm    .   (no shield)
rNeg     . . .     Faith    .   a - +0 robe
rPois    .         Spirit   .   b - +0 hat
rElec    .         Reflect  .   (no cloak)
rCorr    .         Harm     .   (no gloves)
MR       .....                  (no boots)
Stlth    ++........             (no amulet)
HPRegen  0.06/turn              (no ring)
MPRegen  0.13/turn              (no ring)

@: no status effects
A: no striking features
a: no special abilities


You were on level 2 of the Dungeon.
You were not hungry.

You visited 1 branch of the dungeon, and saw 2 of its levels.

You collected 72 gold pieces.

Inventory:

Armour
 a - a +0 robe (worn)
 b - a +0 hat (worn)
Scrolls
 c - a scroll of teleportation {unknown}
 f - a scroll of remove curse {unknown}
 g - a scroll of amnesia {unknown}
Potions
 e - a potion of curing {unknown}
Comestibles
 d - 2 rations


   Skills:
 - Level 2.4 Dodging
 - Level 2.4 Stealth
 + Level 5.5 Spellcasting
 + Level 2.8 Conjurations
   Level 1.1 Summonings
 - Level 1.1 Translocations


You had 4 spell levels left.
You knew the following spells:

 Your Spells              Type           Power        Failure   Level  Hunger
a - Magic Dart            Conj           ###.         2%          1    None
b - Blink                 Tloc           N/A          9%          2    None
c - Conjure Flame         Conj/Fire      ##......     16%         3    ##.....
d - Mephitic Cloud        Conj/Pois/Air  ##......     19%         3    ##.....

Your spell library contained the following spells:

 Spells                   Type           Power        Failure   Level  Hunger
 Slow                     Hex            #.......     14%         2    None
 Call Imp                 Summ           ##......     9%          2    None


Dungeon Overview and Level Annotations

Branches:
Dungeon (2/15)

Altars:


Message History

Aim: a hobgoblin, wielding a club (almost dead)
The magic dart hits the hobgoblin.
You kill the hobgoblin!
The worm barely misses you.
Casting: Magic Dart (safe; 2% risk of failure)
Confirm with . or Enter, or press ? or * to list all spells.
Aiming: Magic Dart (safe; 2% risk of failure)
Press: ? - help, Shift-Dir - straight line, f - worm
Aim: a worm The magic dart hits the worm.
Casting: Magic Dart (safe; 2% risk of failure)
Confirm with . or Enter, or press ? or * to list all spells.
Aiming: Magic Dart (safe; 2% risk of failure)
Press: ? - help, Shift-Dir - straight line, f/p - worm
Aim: a worm The magic dart hits the worm.
The worm is moderately wounded.
The worm bites you!
Ouch! That really hurt!
You die...

#.....<##.###. ###
#......##.# ####..
######....#####.# #####....#
.....?..........###...†.####
########..########..##### .
#...## #....## #
####.))###.#### #....)w....#
.. #.##.#@^.###
#..##.##.###..# #.......#
##.# #####.### ... #†# ##..
#.# ... #.....# ..
........... ..........####


You could see a worm.

Vanquished Creatures
  An adder (D:2)
  A gnoll (D:1)
  A worm (D:2)
  A leopard gecko (D:2)
  A giant cockroach (D:1)
  4 goblins (D:1)
  8 hobgoblins
  2 jackals (D:1)
  2 bats (D:1)
  A frilled lizard (D:1)
  2 kobolds (D:1)
  3 rats
27 creatures vanquished.

Notes
Turn   | Place    | Note
-------+----------+-------------------------------------------
     0 | D:1      | pk666 the Deep Elf Wizard began the quest for the Orb.
     0 | D:1      | Reached XP level 1. HP: 10/10 MP: 7/7
   105 | D:1      | Reached XP level 2. HP: 15/15 MP: 0/9
   419 | D:1      | Reached skill level 5 in Spellcasting
   769 | D:1      | Reached XP level 3. HP: 19/19 MP: 9/11
   773 | D:1      | Learned a level 2 spell: Blink
   777 | D:1      | Learned a level 3 spell: Conjure Flame
   781 | D:1      | Learned a level 3 spell: Mephitic Cloud
  1473 | D:2      | Mangled by a worm

Vault maps used:
D:1:      kilobyte_arrival_exit_the_forest
D:2:      first_ration, serial_glass, glass_columns_b, glass_columns_a

Skill      XL: |  1  2 |
---------------+-------+-----
Conjurations   | 2 |  2.8
Spellcasting   | 5 |  5.5
Dodging        | |  2.4
Stealth        | |  2.4
Summonings     | |  1.1
Translocations | |  1.1

Action                   || total
-------------------------++-------
 Cast: Magic Dart        ||    85
  Eat: Chunk             ||     2
Armor: Robe              ||     3
Dodge: Dodged            ||    10

Table legend:
 A = Spawn XP
 B = Non-spawn XP
 C = Spawn XP percentage of total XP
 D = Spawn monster count
 E = Non-spawn monster count
 F = Spawn count percentage of total count
 G = Total turns spent on level
                    A         B        C        D         E        F      G
               +---------+---------+-------+---------+---------+-------+---------
         Total |       0 |      75 |   0.0 |       0 |      27 |   0.0 |  1473
               +---------+---------+-------+---------+---------+-------+---------
           D:1 |       0 |      44 |   0.0 |       0 |      19 |   0.0 |  1326
           D:2 |       0 |      31 |   0.0 |       0 |       8 |   0.0 |   147
               +---------+---------+-------+---------+---------+-------+---------
